Map: Automaton LE

Players

BirdTurd

  • Race: Protoss Protoss
  • League: Gold
  • Spawn Location: 3:00

Mesrob - Winner!

  • Race: Terran Terran
  • League: Gold
  • Spawn Location: 9:00

VOD

Have the link to the VOD?

Description

Time

  • Played on: Jan. 17, 2019, 8:12 p.m.
  • Length: 15:50
Show
View Real Time Build Order
Export as new Build Order

BirdTurd Protoss 

Build Orders: Archon Immortal, Carriers 

Get SALT Encoding   

  12  0:00  Probe  
  13  0:13  Probe  
  14  0:22  Pylon  
  14  0:25  Probe  
  15  0:39  Probe  
  15  0:40  Gateway  
  16  0:47  Probe  
  16  0:50  Assimilator  
  16  0:56  Probe  
  17  0:59  Assimilator  
  18  1:08  Probe  
  19  1:18  Gateway  
  19  1:22  Probe  
  20  1:34  Cybernetics Core  
  20  1:35  Probe  
  21  1:47  Pylon  
  21  1:49  Probe  
  22  2:01  Probe  
  23  2:10  Stalker x2  
  27  2:25  Robotics Facility  
  27  2:40  Pylon  
  27  2:41  Sentry  
  27  2:43  Stalker  
  31  3:00  Warp Gate  
  31  3:13  Nexus  
  31  3:31  Probe  
  31  3:33  Immortal  
  36  4:03  Twilight Council  
  36  4:04  Gateway  
  36  4:07  Gateway  
  36  4:12  Probe  
  36  4:16  Pylon  
  37  4:33  Probe x2  
  39  4:40  Templar Archives  
  39  4:45  Probe x2  
  41  5:05  Charge  
  41  5:15  Immortal  
  45  5:22  Probe x2  
  45  5:26  Assimilator  
  47  5:30  Pylon, Assimilator  
  47  5:34  Probe  
  47  5:35  Probe  
  49  5:39  High Templar x2  
  53  5:43  Archon  
  53  5:46  Probe  
  53  5:47  Probe  
  55  5:54  Immortal  
  59  5:59  Probe x2  
  61  6:07  Pylon  
  61  6:11  Pylon, Probe x2  
  63  6:23  Probe x2  
  65  6:26  High Templar x2  
  65  6:31  Archon  
  69  6:35  Probe x2  
  69  6:38  Robotics Bay  
  71  6:45  Zealot x2  
  75  7:08  High Templar x2  
  77  7:11  Zealot x2  
  77  7:12  Archon  
  83  7:17  Pylon  
  83  7:18  Pylon x2  
  83  7:20  Probe x2  
  85  7:32  Nexus  
  85  7:36  Pylon, Gravitic Drive  
  85  7:37  Pylon, Warp Prism  
  85  7:40  Pylon  
  85  7:43  Sentry x2  
  91  8:10  Zealot x4  
  99  8:14  Observer  
  100  8:35  Immortal  
  100  8:37  Zealot  
  100  8:38  Zealot x2  
  100  8:39  Zealot  
  102  9:25  High Templar  
  102  9:26  High Templar x3  
  102  9:29  Archon  
  102  9:30  Archon  
  110  9:31  Immortal  
  114  9:38  Pylon  
  114  9:40  Pylon  
  114  9:43  Pylon  
  114  9:47  Pylon  
  114  9:49  Gateway  
  114  9:50  Gateway  
  114  9:52  Gateway  
  114  9:55  Gateway  
  114  9:57  Gateway  
  114  10:01  Stargate, Gateway  
  114  10:02  Stargate  
  114  10:05  Probe x3  
  117  10:16  Assimilator  
  117  10:17  Probe x3  
  117  10:20  Assimilator  
  120  10:23  Immortal  
  124  10:29  Probe x3  
  127  10:41  Probe x2  
  129  10:47  Fleet Beacon  
  129  10:48  Stargate  
  129  11:12  Immortal  
  129  11:13  Nexus  
  129  11:15  Pylon  
  129  11:16  Pylon  
  133  11:18  Pylon  
  133  11:22  Assimilator  
  133  11:27  Assimilator  
  133  11:31  Probe x3  
  136  11:37  Carrier  
  136  11:38  Carrier  
  148  11:44  Carrier  
  154  11:52  Probe x2  
  154  11:53  Probe  
  157  12:04  Probe  
  157  12:05  Probe x2  
  160  12:16  Probe  
  160  12:17  Probe x2  
  163  12:29  Probe x3  
  166  12:34  Probe  
  167  12:41  Probe x3  
  167  12:43  Carrier  
  176  12:44  Carrier  
  176  12:46  Probe  
  176  12:48  Carrier  
  189  12:53  Probe x3  
  189  12:54  Protoss Air Weapons Level 1  
  189  12:58  Probe  
  193  13:01  Cybernetics Core  
  193  13:05  Probe x3  
  196  13:10  Probe  
  173  13:49  Carrier x2  
  185  13:57  Carrier  
  185  13:59  Immortal  
Show
View Real Time Build Order
Export as new Build Order

Mesrob Terran - Winner!

Build Orders: Mech 

Get SALT Encoding   

  12  0:00  SCV  
  13  0:12  SCV  
  14  0:18  Supply Depot  
  14  0:24  SCV  
  15  0:40  Barracks, SCV  
  16  0:47  Refinery  
  16  0:52  SCV  
  17  1:04  SCV  
  18  1:16  SCV  
  19  1:28  Orbital Command  
  19  1:40  Command Center  
  19  1:55  Factory  
  19  1:56  Marine  
  20  2:02  SCV  
  21  2:13  Bunker  
  21  2:20  Barracks Tech Lab  
  21  2:22  SCV  
  21  2:35  SCV  
  22  2:44  Supply Depot  
  22  2:54  Siege Tank  
  25  3:00  SCV  
  25  3:03  Engineering Bay  
  25  3:05  Refinery  
  26  3:07  Supply Depot  
  26  3:12  SCV  
  27  3:13  Orbital Command  
  27  3:24  SCV  
  27  3:27  Marine  
  27  3:50  Marine  
  28  4:04  Supply Depot, Siege Tank  
  28  4:08  Marine  
  32  4:15  Missile Turret  
  32  4:18  SCV  
  33  4:27  Supply Depot  
  33  4:30  SCV  
  34  4:37  Missile Turret  
  34  4:42  SCV  
  35  4:49  Siege Tank  
  35  4:50  Supply Depot  
  38  4:55  Factory, SCV  
  39  5:00  Factory, Missile Turret  
  39  5:01  SCV  
  39  5:07  SCV  
  41  5:13  SCV  
  42  5:15  Refinery  
  42  5:19  SCV  
  43  5:25  SCV  
  43  5:26  Missile Turret, Armory  
  44  5:31  SCV  
  45  5:38  SCV  
  46  5:43  SCV  
  46  5:48  Missile Turret  
  47  5:52  Refinery, Siege Tank  
  47  5:55  SCV  
  47  5:56  Factory Reactor  
  51  5:58  Factory Reactor  
  51  6:07  SCV  
  52  6:15  Supply Depot  
  52  6:19  Command Center, SCV  
  53  6:37  Supply Depot  
  53  6:38  Hellbat x2  
  53  6:39  Hellbat  
  59  7:01  Supply Depot  
  59  7:06  Marine  
  60  7:09  Thor  
  60  7:11  Hellbat x4  
  74  7:15  SCV  
  74  7:16  SCV  
  76  7:23  Supply Depot  
  76  7:28  SCV x2  
  78  7:36  Factory  
  78  7:38  Factory  
  78  7:40  SCV  
  79  7:47  Missile Turret  
  79  8:02  Sensor Tower  
  79  8:05  Missile Turret  
  79  8:06  Sensor Tower  
  79  8:09  Missile Turret  
  79  8:16  Planetary Fortress  
  79  8:21  Thor  
  79  8:22  Hellbat x2  
  79  8:23  Hellbat x2  
  79  8:24  Factory Tech Lab  
  79  8:25  Missile Turret  
  79  8:26  Factory Tech Lab  
  93  8:31  Supply Depot  
  93  8:37  Factory  
  93  8:45  Missile Turret  
  93  8:54  Supply Depot  
  85  9:23  Thor x3  
  101  9:25  Hellbat  
  101  9:28  SCV  
  104  9:40  SCV  
  105  9:48  Missile Turret  
  105  9:53  SCV  
  105  9:55  Factory Reactor  
  105  9:56  Supply Depot  
  106  10:03  Hellbat  
  106  10:04  Hellbat x2  
  112  10:08  Missile Turret  
  112  10:18  Supply Depot  
  112  10:22  Command Center  
  112  10:26  Missile Turret  
  112  10:30  Refinery  
  112  10:33  Refinery  
  112  10:34  SCV x3  
  115  10:46  SCV x3  
  118  10:52  Terran Vehicle Weapons Level 1  
  118  10:53  Factory  
  118  10:54  Missile Turret  
  118  10:57  Armory  
  118  10:58  SCV x2  
  119  11:15  Thor x2  
  131  11:24  SCV  
  131  11:25  SCV x2  
  134  11:35  Planetary Fortress  
  134  11:36  SCV  
  134  11:37  SCV  
  134  11:39  Refinery  
  136  11:46  Thor  
  142  11:48  Factory Tech Lab  
  142  11:49  Hellbat  
  144  11:58  Thor  
  150  12:03  SCV x2  
  150  12:05  Refinery  
  152  12:13  SCV  
  153  12:21  Supply Depot  
  153  12:44  Supply Depot  
  153  12:45  Thor x2  
  153  12:46  Terran Vehicle And Ship Armor Level 1, Thor  
  175  13:06  Hellbat x2  
  175  13:09  Supply Depot  
  175  13:19  Hellbat x2  
  179  13:22  Command Center  
  179  13:28  Terran Vehicle Weapons Level 2  
  179  13:30  Thor  
  179  13:31  Hellbat  
  179  13:33  Supply Depot  
  187  13:45  Factory  
  187  13:46  Factory, Thor  
  187  13:54  Thor  
  187  13:55  Hellbat  
  195  13:56  Supply Depot  
  195  14:18  Hellbat x2  
  195  14:22  Supply Depot  
  199  14:31  Factory  
  199  14:45  Hellbat x2  
  195  14:46  Supply Depot, Thor  
  160  15:13  Hellbat x2, Supply Depot  
  160  15:14  Hellbat x3  
  184  15:15  Hellbat, Factory Reactor  
  184  15:19  Factory Tech Lab  
  186  15:37  Supply Depot  
Tags
 
Add a new tag
Caveats
  • Supply blocks, unpowered buildings, or Contaminate may cause inaccurate times.
  • Supply counts are checked every 10 seconds.